 Bloatcrawl 2 version 2.3.0-a0-108-gdc832c1 (webtiles) character file.

Game seed: 13351322826706230474, levelgen mode: deterministic

7 Someone4956 the Magician (level 2, 18/22 HPs)
             Began as an Extinguisher Uncle on Jan 19, 2020.
             Quit the game on level 1 of the Dungeon.
             The game lasted 00:01:00 (355 turns).

Someone4956 the Magician (Extinguisher Uncle)        Turns: 355, Time: 00:01:01

Health: 18/22      AC:  0    Str: 12    XL:     2   Next: 0%
Magic:  5/5        EV:  0    Int: 12    God:
Gold:   25         SH:  0    Dex: 12    Spells: 1/5 levels left Game modifiers: None

rFire    . . .     SeeInvis .   (no weapon)
rCold    . . .     Gourm    .   (shield unavailable)
rNeg     + + +     Faith    .   (no armour)
rPois    ∞         Spirit   .   (no helmet)
rElec    .         Reflect  .   (no cloak)
rCorr    .         Harm     .   (no gloves)
MR       .....                  (no boots)
Stlth    +.........             (no amulet)
HPRegen  0.07/turn              (no ring)
MPRegen  0.09/turn              (no ring)

@: no status effects
A: no evasion; bonus slaying, no blocking, deformed body, negative energy
resistance 3, torment resistance
a: no special abilities


You were on level 1 of the Dungeon.
You were not hungry.

You visited 1 branch of the dungeon, and saw 1 of its levels.

You collected 25 gold pieces.

Inventory:

Scrolls
 d - a scroll of identify {unknown}
 g - a scroll of teleportation {unknown}
Potions
 a - a potion of might {unknown}
 c - a potion of lignification {unknown}
 e - a potion of degeneration {unknown}
Comestibles
 b - a ration
 f - a chunk of flesh


   Skills:
 + Level 2.2 Fighting
 + Level 2.2 Dodging
 + Level 0.8 Stealth
 + Level 2.3 Spellcasting


You had one spell level left.
You knew the following spells:

 Your Spells              Type           Power        Failure   Level  Hunger
a - Confusing Touch       Hex            #.......     61%         3    ####...
b - Pain                  Necr           #...         26%         1    ##.....
Your spell library was empty.

Dungeon Overview and Level Annotations

Branches:
Dungeon (1/15)

Altars:


Innate Abilities, Weirdness & Mutations

Your evasion becomes bonus slaying You are incapable of blocking attacks You are immune to poison.
Armour fits poorly on your strangely shaped body.
You are immune to negative energy. (rN+++)
You are immune to unholy pain and torment.


Message History

HP restored.
g - a scroll labeled BAMMU NARAZYCI You now have 25 gold pieces (gained 10).
A kobold comes into view.
The kobold shouts!
The kobold throws a stone.
The stone hits you but does no damage.
You see here a stone.
You closely miss the kobold. The kobold hits you.
You closely miss the kobold. The kobold hits you.
You punch the kobold!
You kill the kobold!
You have reached level 2!
You see here a kobold corpse.
You see here a kobold corpse.
You see here a stone.
A kobold comes into view. It is wielding a +0 club.
The kobold shouts!
You hear an angry hiss.
The kobold throws a stone.
The stone hits you.
You see here a stone.
Are you sure you want to abandon this character and quit the game? (Confirm with "yes".)

.# ########## .#.#
..##........# .#.#
##.#.###.#########.#
.#.# .......K..# #.#
.#.# ......#..# #.#
.#.# ... ..#..# #.#
.#.# #.#+#.#..# #.#
.#.# #.#.#.#..#.# #†#
##.#######.#....@...#
#.#
............##..#.###
#.#
.#.#######..##..#...
#.# .#.#
#......##########(#
.#.#
#...##............#
.#.#
#...###############
...# #...# ...# #...>
#..# #.....


You could see a kobold.

Vanquished Creatures
  2 goblins (D:1)
  A hobgoblin (D:1)
  A kobold (D:1)
  A bat (D:1)
  A frilled lizard (D:1)
6 creatures vanquished.

Notes
Turn   | Place    | Note
-------+----------+-------------------------------------------
     0 | D:1      | Someone4956 the Extinguisher Uncle began the quest for the
                  | Orb.
     0 | D:1      | Reached XP level 1. HP: 16/16 MP: 3/3
   322 | D:1      | Reached XP level 2. HP: 16/22 MP: 5/5
   355 | D:1      | Quit the game

Levels and vault maps discovered:
D:1:      roderic_dead_forest, layout_basic

Action                   || total
-------------------------++-------
Melee: Club              ||     5
       Unarmed           ||     5

Table legend:
 A = Non-vault XP
 B = Vault XP
 C = Vault XP percentage of total XP
 D = Non-vault monster count
 E = Vault monster count
 F = Vault count percentage of total count
                 A         B        C        D         E       F
            +---------+---------+-------+---------+---------+-------
      Total |      10 |       0 |   0.0 |       6 |       0 |   0.0
            +---------+---------+-------+---------+---------+-------
        D:1 |      10 |       0 |   0.0 |       6 |       0 |   0.0
            +---------+---------+-------+---------+---------+-------
